[Event "Titled Tuesday Blitz April 18 Early 2023"]
[White "LeoLV10"]
[Black "Sukandar, Irine Kharisma"]
[BlackFideId "7101937"]
[WhiteElo "2387"]
[BlackElo "2315"]
[Result "0-1"]
[Round "04"]
[TimeControl "180+2"]
[Date "2023.04.18"]
[WhiteClock "0:00:01"]
[BlackClock "0:00:01"]

1. e4 c5 2. Nf3 a6 3. c4 d6 4. d4 cxd4 5. Nxd4 Nf6 6. Nc3 e6 7. Be3 Be7 8. Be2 b6 9. O-O Bb7 10. f3 O-O 11. Qc2 Nbd7 12. Rfd1 Qc7 13. Rac1 Rfc8 14. Qb1 Qb8 15. b4 Bd8 16. Kh1 Bc7 17. Bg1 Rd8 18. f4 d5 19. e5 Ne4 20. Nxe4 dxe4 21. Be3 Nf8 22. a4 Rd7 23. Qb2 Qd8 24. Qc3 Rc8 25. Nb3 Qe7 26. Rxd7 Nxd7 27. Rd1 Nb8 28. h3 Nc6 29. b5 axb5 30. axb5 Nb8 31. c5 bxc5 32. Bxc5 Qh4 33. Be3 Bb6 34. Qd2 Rd8 35. Bxb6 Rxd2 36. Rxd2 Qe1+ 37. Kh2 h5 38. Bxh5 Qf1 39. Rd8+ Kh7 40. Nd2 Qxf4+ 41. g3 Qg5 0-1


[Site "https://www.chess.com"]

[Event "Titled Tuesday Blitz April 18 Early 2023"]
[White "Yelisieiev, Yevhenii"]
[Black "Andreev, Konstantin"]
[WhiteFideId "14139642"]
[BlackFideId "24239305"]
[WhiteElo "2425"]
[BlackElo "2106"]
[Result "1/2-1/2"]
[Round "04"]
[TimeControl "180+2"]
[Date "2023.04.18"]
[WhiteClock "0:00:06"]
[BlackClock "0:00:02"]

1. d4 Nf6 2. Nf3 e6 3. c4 d5 4. Nc3 dxc4 5. e4 b5 6. e5 Nd5 7. Nxb5 Nb6 8. Be3 Nc6 9. Be2 Be7 10. O-O O-O 11. a4 a6 12. Na3 Na5 13. Nd2 Bb7 14. Qc2 Rb8 15. Qc3 Nd5 16. Qc2 Nxe3 17. fxe3 c5 18. Naxc4 Nxc4 19. Qxc4 Bg5 20. Qd3 cxd4 21. exd4 Qd7 22. Bf3 Rfd8 23. Bxb7 Rxb7 24. Nf3 Be7 25. Qxa6 Rxb2 26. Qd3 h6 27. a5 Qa7 28. a6 Bc5 29. Rfd1 Bb6 30. Qc3 Rb5 31. Ra4 Rbd5 32. Kh1 R8d7 33. Qc8+ Kh7 34. Qc2+ Kg8 35. Qc6 Rd8 36. Rb1 Rb8 37. h3 Rdd8 38. Rab4 Rdc8 39. Qa4 Rd8 40. Qc6 Rdc8 41. Qd6 Rd8 42. Qc6 1/2-1/2


[Site "https://www.chess.com"]

[Event "Titled Tuesday Blitz April 18 Early 2023"]
[White "Mika, Tomasz"]
[Black "Sreyas Payyappat"]
[WhiteFideId "1132970"]
[BlackFideId "46674969"]
[WhiteElo "2179"]
[BlackElo "2083"]
[Result "1-0"]
[Round "04"]
[TimeControl "180+2"]
[Date "2023.04.18"]
[WhiteClock "0:00:09"]
[BlackClock "0:00:08"]

1. Nf3 Nf6 2. c4 c5 3. Nc3 Nc6 4. g3 g6 5. Bg2 Bg7 6. O-O O-O 7. d4 cxd4 8. Nxd4 Qa5 9. Re1 Qh5 10. Nc2 d6 11. Ne3 Ne5 12. Ncd5 Nxd5 13. Nxd5 Kh8 14. Nf4 Qf5 15. Qb3 Qd7 16. Bd2 Rb8 17. Bc3 b5 18. cxb5 Rxb5 19. Qa4 Bb7 20. Bh3 f5 21. Red1 Rc8 22. Qxa7 g5 23. Nh5 Qc6 24. f3 Nxf3+ 25. exf3 Bxc3 26. bxc3 Qxf3 27. Qd4+ e5 28. Qxd6 Qh1+ 29. Kf2 Qxh2+ 30. Ke1 Qxg3+ 31. Nxg3 1-0


[Site "https://www.chess.com"]

[Event "Titled Tuesday Blitz April 18 Early 2023"]
[White "AyMitecK"]
[Black "Leve, Nitai"]
[BlackFideId "2006898"]
[WhiteElo "2562"]
[BlackElo "2144"]
[Result "1-0"]
[Round "04"]
[TimeControl "180+2"]
[Date "2023.04.18"]
[WhiteClock "0:00:53"]
[BlackClock "0:00:02"]

1. e4 e5 2. Nf3 Nf6 3. Nxe5 d6 4. Nf3 Nxe4 5. c4 Nf6 6. d4 Be7 7. Bd3 O-O 8. Nc3 d5 9. cxd5 Nxd5 10. Ne4 Nc6 11. h4 Bg4 12. Neg5 h6 13. Bh7+ Kh8 14. Qc2 Bxf3 15. Nxf3 Ndb4 16. Qb1 Nxd4 17. Ng5 Qd5 18. Be4 Qc5 19. Be3 Nbc2+ 20. Bxc2 Nxc2+ 21. Kf1 Nxe3+ 22. fxe3 Bxg5 23. hxg5 Qxg5 24. Rh3 Rfe8 25. Qc1 c6 26. Qc3 Re6 27. Kg1 Rae8 28. Re1 Rg6 29. Re2 Qd5 30. Rf2 Qxa2 31. b3 Qb1+ 32. Rf1 Qe4 33. Rf2 f6 34. Kh1 Qe5 35. Qd3 Rg5 36. Qd1 Rg3 37. Rh5 Qxe3 38. Rf1 Rg5 39. Rh2 Qe2 40. Qa1 a6 41. Rg1 Qf2 42. Rf1 Qg3 43. Rg1 1-0


[Site "https://www.chess.com"]

[Event "Titled Tuesday Blitz April 18 Early 2023"]
[White "Reprintsev, Alexander"]
[Black "Marcziter, Dmitrii"]
[WhiteFideId "14100541"]
[BlackFideId "13900765"]
[WhiteElo "2211"]
[BlackElo "2162"]
[Result "1-0"]
[Round "04"]
[TimeControl "180+2"]
[Date "2023.04.18"]
[WhiteClock "0:01:25"]
[BlackClock "0:01:31"]

1. e4 c5 2. b3 Nc6 3. Bb2 d5 4. exd5 Qxd5 5. Nc3 Qd8 6. Nf3 Nf6 7. Bb5 Bd7 8. Qe2 a6 9. Bxc6 Bxc6 10. O-O-O e6 11. d4 cxd4 12. Nxd4 Qc7 13. Nxc6 Qxc6 14. f4 Bb4 15. Rd3 O-O 16. Rhd1 Rac8 17. a3 Be7 18. g4 Rfd8 19. g5 Nd5 20. Nxd5 Rxd5 21. Rxd5 exd5 22. Rd2 Bf8 23. Qd3 Bd6 24. Qd4 Qc7 25. Qxg7# 1-0


[Site "https://www.chess.com"]

[Event "Titled Tuesday Blitz April 18 Early 2023"]
[White "Bruedigam, Martin"]
[Black "Szyszylo, Rafal"]
[WhiteFideId "24608033"]
[BlackFideId "1109626"]
[WhiteElo "2331"]
[BlackElo "1951"]
[Result "1-0"]
[Round "04"]
[TimeControl "180+2"]
[Date "2023.04.18"]
[WhiteClock "0:00:07"]
[BlackClock "0:00:03"]

1. d4 g6 2. e4 d6 3. Nf3 Nf6 4. Nbd2 Bg7 5. Bd3 O-O 6. O-O Nc6 7. c3 e5 8. dxe5 dxe5 9. Qc2 Qe7 10. b3 Rd8 11. a4 Nh5 12. Re1 Nf4 13. Bf1 Bg4 14. h3 Be6 15. Ba3 Qf6 16. Rad1 a6 17. Kh2 g5 18. Ng1 h5 19. Nc4 g4 20. g3 Nxh3 21. Nxh3 gxh3 22. Bc5 Bh6 23. Bxh3 Bg4 24. Rxd8+ Rxd8 25. Be3 Bf8 26. Nd2 Ne7 27. Bxg4 hxg4 28. Qd1 Qg6 29. Kg2 f5 30. exf5 Nxf5 31. Qe2 Qc6+ 32. Kg1 Qxc3 33. Qxg4+ Ng7 34. Re2 Bc5 35. Ne4 Qa1+ 36. Kg2 Bxe3 37. fxe3 Qd1 38. Nf6+ Kf7 39. Nh7 Rd2 40. Ng5+ Ke8 41. Kf2 Rxe2+ 42. Qxe2 Qxe2+ 43. Kxe2 Kd7 44. g4 b5 45. axb5 axb5 46. Kd3 c5 47. Ke4 Kd6 48. Nf7+ Ke6 49. Nxe5 Ne8 50. Nd3 Nd6+ 51. Kf3 c4 52. Nf4+ Ke5 53. bxc4 bxc4 54. Ke2 Ke4 55. Nh5 c3 56. Ng3+ Ke5 57. Kd3 Nb5 58. Ne2 Kf6 59. Nxc3 Nd6 60. Ne4+ Nxe4 61. Kxe4 Kg5 62. Kf3 1-0


[Site "https://www.chess.com"]

[Event "Titled Tuesday Blitz April 18 Early 2023"]
[White "Krsnik Cohar, Ivan Vihor"]
[Black "Ansh M Shah"]
[WhiteFideId "14520044"]
[BlackFideId "25033379"]
[WhiteElo "2414"]
[BlackElo "2084"]
[Result "1-0"]
[Round "04"]
[TimeControl "180+2"]
[Date "2023.04.18"]
[WhiteClock "0:01:59"]
[BlackClock "0:01:39"]

1. e4 c6 2. Nf3 d5 3. exd5 cxd5 4. d4 Nc6 5. c4 Nf6 6. Nc3 Bg4 7. cxd5 Nxd5 8. Bb5 Rc8 9. h3 Bh5 10. g4 Bg6 11. Ne5 e6 12. Qa4 Be7 13. Nxc6 bxc6 14. Bxc6+ Kf8 15. Nxd5 exd5 16. Be3 Qb6 17. Rc1 Qxb2 18. O-O Be4 19. Bxd5 Rxc1 20. Rxc1 Qxc1+ 21. Bxc1 Bxd5 22. Qb5 1-0


[Site "https://www.chess.com"]

[Event "Titled Tuesday Blitz April 18 Early 2023"]
[White "Dwilewicz, Katarzyna"]
[Black "Camacho Collados, Jose"]
[WhiteFideId "1148486"]
[BlackFideId "2265427"]
[WhiteElo "2065"]
[BlackElo "2198"]
[Result "1-0"]
[Round "04"]
[TimeControl "180+2"]
[Date "2023.04.18"]
[WhiteClock "0:00:12"]
[BlackClock "0:00:05"]

1. e4 b6 2. d4 Bb7 3. Bd3 e6 4. Qe2 d5 5. e5 c5 6. c3 Nc6 7. Nf3 Nge7 8. O-O Ng6 9. Bg5 Be7 10. Bxe7 Qxe7 11. Qe3 O-O 12. Nbd2 cxd4 13. cxd4 Nb4 14. Bxg6 hxg6 15. Rfc1 Rfc8 16. Ne1 a5 17. a3 Nc6 18. f4 Ba6 19. Nef3 Qe8 20. Ng5 f6 21. exf6 gxf6 22. Nxe6 Nxd4 23. Qxd4 Qxe6 24. Re1 Be2 25. Kf2 Re8 26. Nf3 Qg4 27. h3 Qe6 28. Qd2 Qf5 29. Rxe2 Re4 30. Rxe4 dxe4 31. Nd4 Rd8 32. Nxf5 Rxd2+ 33. Ke3 Rxb2 34. Nd6 f5 35. g4 Rb3+ 36. Kd4 Rd3+ 37. Ke5 fxg4 38. hxg4 e3 39. a4 e2 40. Re1 Rd2 41. Ne4 Ra2 42. Nc3 Ra3 43. Kd4 Rb3 44. Rxe2 Rb4+ 45. Ke5 Rc4 46. Nd5 Rxa4 47. Nxb6 Rb4 48. Nd5 Rb8 49. Ra2 Ra8 50. Ra4 Kf7 51. Nb6 Re8+ 52. Kd4 Rd8+ 53. Kc5 g5 54. f5 Kf6 55. Rxa5 Ke5 56. Ra4 Rd1 57. Nc4+ Kf6 58. Ra6+ Kf7 59. Rg6 Rd8 60. Ne5+ Ke7 61. Rxg5 Rc8+ 62. Kd4 Ra8 63. Rg7+ Kf6 64. Rg6+ Ke7 65. Re6+ Kf8 66. Nd7+ Kg8 67. Ke5 Ra4 68. g5 Ra5+ 69. Kf6 Ra7 70. Re8+ Kh7 71. g6+ Kh6 72. Rh8# 1-0


[Site "https://www.chess.com"]

[Event "Titled Tuesday Blitz April 18 Early 2023"]
[White "Sousa, Andre Ventura"]
[Black "Kula, Robert"]
[WhiteFideId "1917617"]
[BlackFideId "1101218"]
[WhiteElo "2348"]
[BlackElo "2180"]
[Result "1-0"]
[Round "04"]
[TimeControl "180+2"]
[Date "2023.04.18"]
[WhiteClock "0:00:18"]
[BlackClock "0:00:02"]

1. e4 e5 2. Nf3 Nc6 3. Bc4 Be7 4. d3 Nf6 5. c3 O-O 6. Nbd2 d5 7. exd5 Nxd5 8. Ne4 h6 9. Be3 Be6 10. Bc5 b6 11. Bxe7 Qxe7 12. O-O f5 13. Ng3 Nf4 14. Bxe6+ Qxe6 15. Re1 Rad8 16. d4 e4 17. Nh4 g5 18. Nhxf5 Rxf5 19. Rxe4 Qf7 20. Nxf5 Qxf5 21. Qb3+ Kf8 22. Rae1 a5 23. Qd1 Ng6 24. Qh5 Kg7 25. Re6 Rf8 26. Kh1 Nd8 27. R6e2 Nf7 28. g3 Nd6 29. Kg1 Qf7 30. b3 Nf5 31. Qf3 Nd6 32. Qc6 h5 33. c4 h4 34. c5 hxg3 35. hxg3 bxc5 36. dxc5 Nf5 37. Rd1 Nge7 38. Qxc7 g4 39. Rd7 Re8 40. Qe5+ Qf6 41. c6 Qxe5 42. Rxe5 Kf6 43. Rc5 Rc8 44. c7 Ke6 45. Rd1 Rh8 46. Rxa5 Nd6 47. Re1+ Kd7 48. Ra4 Nec8 49. Rxg4 Kxc7 50. Rc1+ Kd7 51. Rg7+ Ke6 52. Re1+ Kf6 53. Rc7 Rd8 54. Rd1 Ke6 55. a4 Rg8 56. Rc6 Kd7 57. Rc3 Ne7 58. Rcd3 Nf5 59. b4 Ke6 60. b5 Ne4 61. Re1 Ke5 62. f3 1-0


[Site "https://www.chess.com"]

[Event "Titled Tuesday Blitz April 18 Early 2023"]
[White "Hoffmann, Asa"]
[Black "Novik, Maxim"]
[WhiteFideId "2001470"]
[BlackFideId "4102924"]
[WhiteElo "2117"]
[BlackElo "2287"]
[Result "0-1"]
[Round "04"]
[TimeControl "180+2"]
[Date "2023.04.18"]
[WhiteClock "0:01:05"]
[BlackClock "0:02:10"]

1. d4 Nf6 2. Bg5 c5 3. d5 Qb6 4. Nc3 Qxb2 5. Bd2 Qb6 6. e4 d6 7. f4 e5 8. Nf3 Bg4 9. Rb1 Qc7 10. fxe5 dxe5 11. h3 Bh5 12. Bb5+ Nbd7 13. O-O c4 14. Qe1 Bc5+ 15. Kh1 O-O 16. Qh4 Bg6 17. Bxc4 Bd4 18. Rb4 a5 19. Nb5 Qc5 20. Ra4 Nb6 21. Bb3 Qxb5 22. Rxd4 Qxf1+ 23. Kh2 exd4 24. e5 Nfxd5 0-1


[Site "https://www.chess.com"]

[Event "Titled Tuesday Blitz April 18 Early 2023"]
[White "Cnejev, Vladimir-Alexandru"]
[Black "Buscar, Michael"]
[WhiteFideId "1260898"]
[BlackFideId "2603616"]
[WhiteElo "2132"]
[BlackElo "2010"]
[Result "1-0"]
[Round "04"]
[TimeControl "180+2"]
[Date "2023.04.18"]
[WhiteClock "0:00:13"]
[BlackClock "0:00:05"]

1. Nf3 d5 2. b3 Nf6 3. Bb2 e6 4. e3 c6 5. Be2 Be7 6. g4 h6 7. Rg1 Nbd7 8. h4 Nf8 9. g5 hxg5 10. hxg5 Nh5 11. Ne5 g6 12. Nxf7 Kxf7 13. Bxh8 Nh7 14. Bb2 Ng7 15. f4 Nf5 16. Bg4 Bf8 17. Qe2 Bg7 18. Bxg7 Kxg7 19. d3 Nf8 20. Nd2 a5 21. a4 Qe7 22. Nf3 Qb4+ 23. Kf2 Qc5 24. Ne5 Nd7 25. d4 Qc3 26. Nxd7 Bxd7 27. Bxf5 exf5 28. Rad1 Rh8 29. Rh1 Rxh1 30. Rxh1 c5 31. dxc5 Qxc5 32. Qd3 Bc6 33. Qd4+ Qxd4 34. exd4 b5 35. axb5 Bxb5 36. Ra1 Bc6 37. Rxa5 1-0


[Site "https://www.chess.com"]

[Event "Titled Tuesday Blitz April 18 Early 2023"]
[White "Fiedorek, Michal"]
[Black "Pavlidou, Ekaterini"]
[WhiteFideId "1199528"]
[BlackFideId "4213262"]
[WhiteElo "2135"]
[BlackElo "2126"]
[Result "1-0"]
[Round "04"]
[TimeControl "180+2"]
[Date "2023.04.18"]
[WhiteClock "0:00:09"]
[BlackClock "0:00:44"]

1. e4 c5 2. Nf3 e6 3. d4 cxd4 4. Nxd4 Nf6 5. Nc3 Nc6 6. Nxc6 bxc6 7. e5 Nd5 8. Ne4 Qc7 9. f4 Qb6 10. a3 f5 11. exf6 Nxf6 12. Nxf6+ gxf6 13. Qh5+ Kd8 14. Bd3 Bc5 15. Rf1 a5 16. Qf7 Rf8 17. Qg7 Kc7 18. Be3 Bxe3 19. Qxf8 Qxb2 20. Ke2 Bb7 21. Qe7 Bb6 22. Rad1 Qd4 23. Rf3 c5 24. Bb5 Qe4+ 25. Kf1 Rd8 26. Rxd7+ Rxd7 27. Qxd7+ Kb8 28. Qd3 f5 29. Qxe4 fxe4 30. Rh3 e3 31. Rxh7 Be4 32. Rh8+ Kc7 33. Bd3 Bd5 34. Rh7+ Kd6 35. h4 c4 36. Be2 Be4 37. Rb7 Kc6 38. Re7 Kd6 39. Re8 Bxc2 40. Bxc4 Ba4 41. Rxe6+ Kc5 42. Be2 Bd7 43. Re5+ Kc6 44. h5 Bd4 45. Rg5 Bb2 46. Bb5+ Kd6 47. Bxd7 Kxd7 48. Rxa5 Bc3 49. Rd5+ Ke6 50. Rd3 Bb2 51. Rxe3+ Kf5 52. Rf3 Bg7 53. a4 Bf8 54. a5 Bc5 55. a6 Ba7 56. h6 Kg6 57. Rh3 Kh7 58. g4 Bb8 59. f5 Ba7 60. g5 Bd4 61. g6+ Kg8 62. a7 Bxa7 63. f6 1-0


[Site "https://www.chess.com"]

[Event "Titled Tuesday Blitz April 18 Early 2023"]
[White "mohsengabr2002"]
[Black "Bagrationi, Alexander"]
[BlackFideId "14104954"]
[WhiteElo "2362"]
[BlackElo "2398"]
[Result "0-1"]
[Round "04"]
[TimeControl "180+2"]
[Date "2023.04.18"]
[WhiteClock "0:00:18"]
[BlackClock "0:00:49"]

1. e4 c5 2. d3 g6 3. Nd2 Bg7 4. g3 Nc6 5. Bg2 e6 6. Ngf3 Nge7 7. O-O O-O 8. c3 b5 9. a4 b4 10. e5 f6 11. exf6 Bxf6 12. Ne4 Bg7 13. Bg5 h6 14. Bxe7 Qxe7 15. Rc1 d5 16. Ned2 bxc3 17. bxc3 Ba6 18. Qc2 Qf6 19. Rfe1 g5 20. Nb3 Bxd3 21. Qxd3 c4 22. Qc2 cxb3 23. Qxb3 g4 24. Nd4 Qxf2+ 25. Kh1 Nxd4 26. cxd4 Rac8 27. Rcd1 Rc2 28. Rg1 Bxd4 29. Qd3 Bg7 30. Rdf1 Qe2 31. Rxf8+ Bxf8 32. Qg6+ Bg7 33. Qh5 Kh7 34. Bf1 Qe4+ 35. Bg2 Qg6 36. Qh4 Bf6 0-1


[Site "https://www.chess.com"]

[Event "Titled Tuesday Blitz April 18 Early 2023"]
[White "Szente Varga, Fruzsina"]
[Black "Novikov, Evgenij"]
[WhiteFideId "712264"]
[BlackFideId "4125380"]
[WhiteElo "1994"]
[BlackElo "2242"]
[Result "0-1"]
[Round "04"]
[TimeControl "180+2"]
[Date "2023.04.18"]
[WhiteClock "0:00:01"]
[BlackClock "0:00:01"]

1. e4 e6 2. d4 d5 3. Nd2 c5 4. exd5 exd5 5. Bb5+ Nc6 6. Ne2 a6 7. Bxc6+ bxc6 8. O-O Nf6 9. Re1 Be7 10. dxc5 O-O 11. Nb3 a5 12. Ned4 Bd7 13. a4 Ne4 14. f3 Nxc5 15. Kh1 Nxb3 16. Nxb3 Bd6 17. Qd4 Qc7 18. f4 Bf5 19. c3 Rab8 20. Nc5 Bxc5 21. Qxc5 Rfe8 22. Bd2 h6 23. b4 Rxe1+ 24. Rxe1 axb4 25. cxb4 Be4 26. b5 Qd7 27. bxc6 Qg4 28. Rg1 Rb1 29. Qf2 Rxg1+ 30. Kxg1 Qd1+ 31. Qe1 Qg4 32. Qf1 Qc8 33. Qc1 Qg4 34. Qf1 Qc8 35. a5 Qxc6 36. Be3 Qa4 37. Bb6 d4 38. Qe1 d3 0-1


[Site "https://www.chess.com"]

[Event "Titled Tuesday Blitz April 18 Early 2023"]
[White "Bogaudinov, Rushan"]
[Black "Lehtosaari, Mauri"]
[WhiteFideId "4129288"]
[BlackFideId "501999"]
[WhiteElo "1967"]
[BlackElo "2505"]
[Result "0-1"]
[Round "04"]
[TimeControl "180+2"]
[Date "2023.04.18"]
[WhiteClock "0:00:03"]
[BlackClock "0:00:17"]

1. a3 d5 2. e3 Nf6 3. Nf3 Bg4 4. Be2 e6 5. d4 Bd6 6. c4 c6 7. c5 Bc7 8. b4 a6 9. Bb2 Nbd7 10. Nbd2 O-O 11. h3 Bh5 12. g4 Bg6 13. g5 Ne4 14. h4 Bf5 15. h5 Nxg5 16. Nxg5 Qxg5 17. Nf3 Qe7 18. Kd2 Be4 19. Qg1 f5 20. Rh2 Bxf3 21. Bxf3 Bxh2 22. Qxh2 Nf6 23. Rg1 Ne4+ 24. Ke2 a5 25. b5 cxb5 26. Qe5 b4 27. a4 Qf6 28. Qf4 Rac8 29. Bh1 b6 30. f3 Nc3+ 31. Bxc3 bxc3 32. cxb6 c2 33. Rc1 Qe7 34. h6 Rf7 35. Qe5 Qf6 36. Qd6 Qxh6 37. Kd3 Qf6 38. f4 Qe7 39. Qe5 Qa3+ 40. Kd2 Qc3+ 41. Ke2 Qc4+ 42. Kd2 Qc6 43. Bf3 Qxb6 44. Bh5 Qb4+ 45. Ke2 Qc4+ 46. Kd2 Re7 47. Bf3 Qc3+ 48. Ke2 Qc7 49. Bxd5 Qxe5 50. fxe5 exd5 51. Kd2 Rec7 52. Kd3 g5 53. Kd2 g4 54. e6 Kf8 55. Kd3 Ke7 56. e4 dxe4+ 57. Ke3 Kxe6 58. Kf4 Kd5 59. Ke3 Rc3+ 60. Kf4 Kxd4 61. Kxf5 e3 62. Kf4 e2 63. Kg5 R8c4 64. Kh4 Rxa4 65. Kg5 Kd3 66. Kf5 g3 67. Ke5 Kd2 68. Rg1 c1=Q 69. Rg2 Rb4 0-1


[Site "https://www.chess.com"]

[Event "Titled Tuesday Blitz April 18 Early 2023"]
[White "Sowul, Bartosz"]
[Black "Rodriguez Santiago, Jaime"]
[WhiteFideId "1137590"]
[BlackFideId "3100898"]
[WhiteElo "2188"]
[BlackElo "2025"]
[Result "1-0"]
[Round "04"]
[TimeControl "180+2"]
[Date "2023.04.18"]
[WhiteClock "0:00:56"]
[BlackClock "0:00:54"]

1. e4 c6 2. d4 d5 3. e5 Bf5 4. h4 h5 5. Bd3 Bxd3 6. Qxd3 Qa5+ 7. Nd2 e6 8. Nf3 c5 9. dxc5 Nc6 10. O-O Qxc5 11. Nb3 Qe7 12. Bg5 Qc7 13. c4 dxc4 14. Qxc4 Be7 15. Rfd1 Bxg5 16. Nxg5 Nge7 17. Nd4 Qxe5 18. Nxc6 bxc6 19. Re1 Qd5 20. Qb4 a5 21. Qb7 c5 22. Qc7 Qc6 23. Qf4 Nf5 24. Qxf5 1-0


[Site "https://www.chess.com"]

[Event "Titled Tuesday Blitz April 18 Early 2023"]
[White "Degenbaev, Aziz"]
[Black "DeyanKostov"]
[WhiteFideId "13802640"]
[WhiteElo "2152"]
[BlackElo "2337"]
[Result "1-0"]
[Round "04"]
[TimeControl "180+2"]
[Date "2023.04.18"]
[WhiteClock "0:00:40"]
[BlackClock "0:01:51"]

1. e4 c5 2. Nf3 e6 3. d4 cxd4 4. Nxd4 Nc6 5. Nc3 Qc7 6. a3 a6 7. Be3 Nf6 8. f4 d6 9. Qf3 Be7 10. O-O-O O-O 11. Nxc6 bxc6 12. g4 d5 13. g5 Ne8 14. h4 Rb8 15. h5 Qa5 16. Bf2 Rxb2 17. Kxb2 Bxa3+ 18. Ka1 Bb4+ 19. Na2 dxe4 20. Qb3 Bd6 21. Bb6 Qf5 22. Rh4 Bxf4 23. Bh3 Qxg5 24. Rg4 Be5+ 25. Kb1 Qxh5 26. Rdg1 Qxh3 27. Qxh3 1-0


[Site "https://www.chess.com"]

[Event "Titled Tuesday Blitz April 18 Early 2023"]
[White "Principe, Alexander"]
[Black "Derichs, Roger"]
[WhiteFideId "3804542"]
[BlackFideId "4630076"]
[WhiteElo "2203"]
[BlackElo "2333"]
[Result "1-0"]
[Round "04"]
[TimeControl "180+2"]
[Date "2023.04.18"]
[WhiteClock "0:00:28"]
[BlackClock "0:00:08"]

1. e4 e6 2. d4 d5 3. Nc3 Bb4 4. e5 c5 5. Bd2 Ne7 6. f4 cxd4 7. Nb5 Bxd2+ 8. Qxd2 O-O 9. Nf3 Nbc6 10. Nbxd4 Bd7 11. c3 Qb6 12. Bd3 Nxd4 13. Nxd4 Nc6 14. Nxc6 bxc6 15. Qf2 Qxf2+ 16. Kxf2 a5 17. Ke3 Rfb8 18. Rab1 Kf8 19. Kd4 Ke7 20. a4 h6 21. g4 f6 22. Rhf1 Rf8 23. b3 Ra7 24. Kc5 Rb8 25. Bc2 Rh8 26. Bg6 Rb8 27. h4 Ra6 28. Bc2 Rf8 29. Rbe1 Rb8 30. Rg1 Rh8 31. Re3 Rf8 32. g5 fxe5 33. gxh6 gxh6 34. Rg7+ Rf7 35. Rxf7+ Kxf7 36. fxe5 Ke7 37. Rg3 Be8 38. Rg7+ Kf8 39. Rb7 Ra8 40. Rh7 Kg8 41. Rxh6 Bf7 42. Rf6 Kg7 43. h5 Bg8 44. h6+ Kh8 45. h7 Bxh7 46. Rh6 1-0


[Site "https://www.chess.com"]

[Event "Titled Tuesday Blitz April 18 Early 2023"]
[White "Feinig, Mario"]
[Black "Birkisson, Bardur Orn"]
[WhiteFideId "1618113"]
[BlackFideId "2310597"]
[WhiteElo "2096"]
[BlackElo "2062"]
[Result "1-0"]
[Round "04"]
[TimeControl "180+2"]
[Date "2023.04.18"]
[WhiteClock "0:00:08"]
[BlackClock "0:00:06"]

1. e4 Nf6 2. e5 Nd5 3. d4 d6 4. c4 Nb6 5. exd6 exd6 6. Nc3 Be7 7. Bd3 O-O 8. Nge2 Nc6 9. b3 Bg4 10. f3 Bh5 11. O-O Bf6 12. Be3 d5 13. c5 Nc8 14. Nf4 Bg6 15. Bxg6 hxg6 16. Nfxd5 Re8 17. Bf2 N8e7 18. Nxf6+ gxf6 19. d5 Ne5 20. f4 Nd7 21. Qf3 Kg7 22. g4 a5 23. Bd4 b6 24. c6 Nc5 25. g5 Ng8 26. f5 Qd6 27. fxg6 fxg6 28. gxf6+ Kf7 29. Qh3 Rf8 30. Rae1 Nxf6 31. Qh7# 1-0


[Site "https://www.chess.com"]

[Event "Titled Tuesday Blitz April 18 Early 2023"]
[White "Skaric, Djuro"]
[Black "Dixit, Nikhil"]
[WhiteFideId "934569"]
[BlackFideId "5059534"]
[WhiteElo "2282"]
[BlackElo "2207"]
[Result "1-0"]
[Round "04"]
[TimeControl "180+2"]
[Date "2023.04.18"]
[WhiteClock "0:01:47"]
[BlackClock "0:01:03"]

1. g3 Nf6 2. Bg2 g6 3. d3 Bg7 4. e4 O-O 5. Nc3 d6 6. h3 c5 7. f4 Nc6 8. Nf3 Rb8 9. a4 a6 10. g4 b5 11. axb5 axb5 12. O-O b4 13. Ne2 Ne8 14. Ng3 Nc7 15. Ng5 h6 16. Nf3 Nd4 17. Nh4 e5 18. Nf3 exf4 19. Bxf4 Nxf3+ 20. Qxf3 Ne6 21. Be3 Bxb2 22. Bxh6 Bxa1 23. Rxa1 Nd4 24. Qf2 Re8 25. Rf1 Qe7 26. Bg5 Qe6 27. Bf6 Rb6 28. Qf4 d5 29. e5 Kh7 30. Qg5 1-0


[Site "https://www.chess.com"]

[Event "Titled Tuesday Blitz April 18 Early 2023"]
[White "Garrido, Denis"]
[Black "Koutlas, Nikolaos"]
[WhiteFideId "601217"]
[BlackFideId "25827138"]
[WhiteElo "2330"]
[BlackElo "2215"]
[Result "0-1"]
[Round "04"]
[TimeControl "180+2"]
[Date "2023.04.18"]
[WhiteClock "0:00:09"]
[BlackClock "0:00:08"]

1. d4 Nf6 2. c4 e6 3. Nc3 Bb4 4. e3 a5 5. Bd3 O-O 6. Ne2 d5 7. cxd5 exd5 8. O-O c6 9. a3 Bd6 10. Ng3 Re8 11. Qc2 Bf8 12. Bd2 Nbd7 13. f4 c5 14. Bb5 b6 15. Bc6 Rb8 16. Nxd5 cxd4 17. exd4 Ba6 18. Rfe1 Rxe1+ 19. Rxe1 Rc8 20. Nxf6+ Nxf6 21. Qa4 b5 22. Bxb5 Bxb5 23. Qxb5 Qxd4+ 24. Be3 Qd8 25. Bb6 Qd2 26. Qe2 Qd5 27. Rd1 Qb7 28. Bd4 Nd5 29. Qg4 Rc2 30. Nf5 g6 31. h4 Nxf4 32. Ne3 Ne2+ 33. Kh1 Nxd4 34. Qxd4 Rxb2 35. h5 Qe7 36. hxg6 hxg6 37. Ng4 Qh4+ 38. Kg1 Rc2 39. Nf6+ Kh8 40. Qxh4+ Kg7 41. Rf1 Bc5+ 42. Kh1 Rc4 43. Qh7+ Kf8 44. Qh8+ Ke7 45. Qe8+ Kd6 46. Qd7+ Ke5 47. Qxf7 Rh4# 0-1


[Site "https://www.chess.com"]

[Event "Titled Tuesday Blitz April 18 Early 2023"]
[White "Tan, Ralph"]
[Black "Balint, Vilmos"]
[WhiteFideId "30966590"]
[BlackFideId "718050"]
[WhiteElo "2099"]
[BlackElo "2034"]
[Result "1-0"]
[Round "04"]
[TimeControl "180+2"]
[Date "2023.04.18"]
[WhiteClock "0:00:18"]
[BlackClock "0:00:33"]

1. e4 e5 2. Nf3 Nc6 3. Bb5 Nf6 4. O-O Bc5 5. c3 O-O 6. d4 Bb6 7. Bxc6 dxc6 8. Nxe5 Nxe4 9. Re1 Nd6 10. Bf4 Bf5 11. Nd2 Re8 12. Qf3 h6 13. Ndc4 Qf6 14. a4 Nxc4 15. Nxc4 Be6 16. Ne5 a5 17. h3 g5 18. Bg3 Qxf3 19. Nxf3 Bb3 20. Ne5 f6 21. Nd7 Rxe1+ 22. Rxe1 Kf7 23. Nxb6 cxb6 24. Ra1 Re8 25. Bc7 Re2 26. Bxb6 Rxb2 27. Bxa5 Ke6 28. Bb4 Kd5 29. a5 Bc4 30. Re1 Be2 31. Kh2 Ke4 32. Kg3 h5 33. Be7 h4+ 34. Kh2 Kf5 35. Kg1 Ra2 36. Bb4 Ke4 37. Kh2 f5 38. Rb1 g4 39. hxg4 fxg4 40. Be7 h3 41. gxh3 gxh3 42. Kxh3 Kd3 43. Bb4 Bf3 44. Kg3 Bd5 45. Re1 Be4 46. Re3+ Kc4 47. Rxe4 c5 48. dxc5+ Kd3 49. Re7 1-0


[Site "https://www.chess.com"]

[Event "Titled Tuesday Blitz April 18 Early 2023"]
[White "Sai Han Thiha"]
[Black "micke12a"]
[WhiteFideId "13012290"]
[WhiteElo "1954"]
[BlackElo "2323"]
[Result "0-1"]
[Round "04"]
[TimeControl "180+2"]
[Date "2023.04.18"]
[WhiteClock "0:00:25"]
[BlackClock "0:00:06"]

1. d4 Nf6 2. c4 g6 3. Nc3 d5 4. Nf3 Bg7 5. Qb3 dxc4 6. Qxc4 Be6 7. Qd3 c5 8. dxc5 Nbd7 9. Be3 Bf5 10. Qb5 O-O 11. g3 a6 12. Qb4 Ng4 13. Bd2 Qc7 14. Nd5 Qd8 15. Rc1 Nde5 16. Nxe5 Qxd5 17. Nf3 Rfd8 18. Bg2 Ne5 19. Bc3 Be4 20. O-O Nxf3+ 21. exf3 Bxf3 22. Bxf3 Qxf3 23. Bxg7 Kxg7 24. Rc3 Qc6 25. Re3 e6 26. Qc3+ f6 27. Rfe1 Re8 28. b4 a5 29. a3 axb4 30. axb4 Rac8 31. Qc4 e5 32. h4 b6 33. h5 bxc5 34. bxc5 Qxc5 35. Qh4 g5 36. h6+ Kg6 37. Qe4+ Kxh6 38. Kg2 Qc6 39. Rh1+ Kg7 40. Rxh7+ Kg8 41. Qxc6 Rxc6 42. Rd3 Kxh7 43. Rd7+ Kg6 44. g4 Rce6 45. Rc7 R6e7 46. Rc6 Kg7 47. Kf3 e4+ 48. Ke3 Rd8 49. Rc4 Rd3+ 50. Ke2 Rd5 51. Ra4 e3 52. fxe3 Rde5 53. Ra3 Re4 54. Kf3 Rb4 55. Rd3 Ree4 56. Rc3 Rxg4 57. Rc7+ Kg6 58. Rc8 Rh4 59. Rg8+ Kf5 60. Rc8 Rh3+ 61. Kf2 Rb2+ 62. Kg1 Rxe3 63. Rc5+ Re5 64. Rc1 Ree2 65. Rf1+ Kg4 66. Ra1 Rg2+ 67. Kh1 Rh2+ 68. Kg1 Rbg2+ 69. Kf1 Rh1+ 70. Kxg2 Rxa1 71. Kf2 Ra2+ 72. Kg1 Kg3 73. Kf1 Rh2 74. Ke1 Rg2 75. Kd1 f5 76. Ke1 f4 77. Kf1 g4 78. Ke1 f3 79. Kf1 Ra2 80. Ke1 f2+ 81. Kf1 Ra1+ 82. Ke2 f1=Q+ 83. Ke3 Ra3+ 84. Ke4 Qc4+ 85. Ke5 Ra5+ 86. Kd6 Qc5+ 87. Kd7 Ra7+ 88. Kd8 Qf8# 0-1


[Site "https://www.chess.com"]